 Dungeon Crawl Stone Soup version 0.28.0-45-g0d030f2227 (webtiles) character file.

Game seed: 4590439356560794168

51 hawla the Stinger (level 3, -7/39 HPs)
             Began as a Draconian Venom Mage on Apr 23, 2022.
             Killed by divine providence
             ... invoked by an orc priest
              (11 damage)
             ... on level 2 of the Dungeon on Apr 24, 2022.
             The game lasted 00:03:28 (1558 turns).

hawla the Stinger (Draconian Venom Mage)            Turns: 1558, Time: 00:03:28

Health: -7/39      AC: 21    Str: 10    XL:     3   Next: 57%
Magic:  3/6        EV:  2    Int: 17    God:
Gold:   77         SH:  0    Dex: 11    Spells: 6/7 levels left

rFire   . . .      SeeInvis .   (no weapon)
rCold   . . .      Faith    .   (no shield)
rNeg    . . .      Spirit   .   (armour unavailable)
rPois   +          Reflect  .   (helmet currently unavailable)
rElec   .          Harm     .   (cloak currently unavailable)
rCorr   .          Rampage  .   (gloves currently unavailable)
Will    .....      NoTele   +   (boots currently unavailable)
Stlth   ++........              (no amulet)
HPRegen 0.13/turn               (no ring)
MPRegen 0.10/turn               (no ring)

@: brilliant, tree-form
A: stationary, stasis, torment immunity, boosted hp, AC +5, unfitting armour,
(cold-blooded)
a: no special abilities


You were on level 2 of the Dungeon.
You were a tree.
You visited 1 branch of the dungeon, and saw 2 of its levels.

You collected 77 gold pieces.

Inventory:

Missiles
 f - 5 javelins
Armour
 b - a +0 pair of gloves (melded)
Scrolls
 a - 2 scrolls of silence {unknown}
 e - a scroll of blinking {unknown}
 g - a scroll of identify {unknown}


   Skills:
 + Level 1.9 Dodging
 + Level 2.0 Stealth
 + Level 0.1 Unarmed Combat
 + Level 2.6 Spellcasting
 + Level 1.6 Transmutations
 + Level 3.7 Poison Magic


You had 6 spell levels left.
You knew the following spells:

 Your Spells              Type           Power      Damage    Failure   Level
a - Sting                 Tmut/Pois      64%        1d6       6%          1

Your spell library contained the following spells:

 Spells                   Type           Power      Damage    Failure   Level
 Poisonous Vapours        Pois/Air       24%        N/A       13%         2
 Animate Skeleton         Necr           6%         N/A       19%         1
 Pain                     Necr           12%        1d4       19%         1
 Mephitic Cloud           Conj/Pois/Air  9%         N/A       32%         3
 Olgreb's Toxic Radiance  Pois           22%        N/A       36%         4
 Gell's Gravitas          Tloc           3%         N/A       50%         3
 Lesser Beckoning         Tloc           3%         N/A       50%         3
 Teleport Other           Tloc           3%         N/A       50%         3
 Vampiric Draining        Necr           3%         2d6       50%         3


Dungeon Overview and Level Annotations

Branches:
Dungeon (2/15)

Altars:
Gozag

Shops:
D:1 *


Innate Abilities, Weirdness & Mutations

You are a tree.
Your roots penetrate the ground, keeping you stationary.
You cannot be teleported.
You are immune to unholy pain and torment.
Your maximum health is greatly increased.
Your equipment is partially melded.
((Your plain brown scales are hard. (AC +5)))
You cannot fit into any form of body armour.
((You are cold-blooded and may be slowed by cold attacks.))


Message History

The sting hits the orc priest.
The orc priest is poisoned.
The orc priest is moderately wounded.
The orc priest shouts!
You hear a shout!
Casting: Sting (safe; 6% risk of failure)
Confirm with . or Enter, or press ? or * to list all spells.
Aiming: Sting (safe; 6% risk of failure)
Press: ? - help, Shift-Dir - straight line, f/p - orc priest
Aim: an orc priest, wielding a +0 short sword (moderately wounded, poisoned, 71% to hit)
The sting hits the orc priest.
The orc priest looks even sicker.
The orc priest is moderately wounded.
The orc priest calls down the wrath of Beogh upon you.
Beogh smites you!
* * * LOW HITPOINT WARNING * * *
It was a potion of brilliance.
You feel clever all of a sudden.
The orc priest hits you with a +0 short sword.
* * * LOW HITPOINT WARNING * * *
Casting: Sting (safe; 6% risk of failure)
Confirm with . or Enter, or press ? or * to list all spells.
Aiming: Sting (safe; 6% risk of failure)
Press: ? - help, Shift-Dir - straight line, f/p - orc priest
Aim: an orc priest, wielding a +0 short sword (heavily wounded, very poisoned, 74% to hit)
Okay, then.
Really quaff the potion of lignification?
You turn into a tree.
Your +0 pair of gloves melds into your body.
Your roots penetrate the ground.
The orc priest begins to cast a cantrip, but forgets the words!
The orc priest hits you but does no damage.
Casting: Sting (safe; 6% risk of failure)
Confirm with . or Enter, or press ? or * to list all spells.
Aiming: Sting (safe; 6% risk of failure)
Press: ? - help, Shift-Dir - straight line, f/p - orc priest
Aim: an orc priest, wielding a +0 short sword (heavily wounded, very poisoned, 74% to hit)
You feel a surge of power!
The sting hits the orc priest.
The orc priest looks even sicker.
The orc priest is heavily wounded.
The orc priest mumbles some strange prayers to Beogh against you.
Beogh smites you!
You die...

#...# #......########
##...##### #.####.##)....#
.........####.# #.##.....#
......).......####........#
.........#######.†.##.....#
.#....#### #.####.....#
.#....# #.# #######
.#....## #)# .......# #♣#
.##.#..# #o# .......# ..o
.......# .#.#. .####..#
#.#.... .......# # ### .#
.#.....# .# .##...## .
......###########


You could see 2 orc priests.

Vanquished Creatures
  An orc wizard (D:2)
  A dart slug (D:1)
  An orc (D:2)
  3 ball pythons
  A bat (D:2)
  2 endoplasms (D:2)
  A giant cockroach (D:1)
  2 goblins (D:2)
  5 hobgoblins (D:2)
  2 kobolds
  A rat (D:1)
20 creatures vanquished.

Notes
Turn   | Place    | Note
-------+----------+-------------------------------------------
     0 | D:1      | hawla the Draconian Venom Mage began the quest for the Orb.
     0 | D:1      | Reached XP level 1. HP: 14/14 MP: 3/3
    41 | D:1      | Found Loup's Assorted Antiques.
   712 | D:1      | Reached XP level 2. HP: 20/20 MP: 3/5
  1260 | D:2      | Found an opulent altar of Gozag.
  1473 | D:2      | Reached XP level 3. HP: 13/26 MP: 0/6
  1558 | D:2      | Killed from afar by an orc priest

Illustrated notes

Levels and vault maps discovered:
D:1:      kennysheep_arrival_forest, layout_loops_cross, serial_shops,
          nicolae_shop_overgrown_old_shop, minivault_11
D:2:      layout_loops_cross, basic_altar

Skill      XL: |  1  2 |
---------------+-------+-----
Stealth        | 2 |  2.0
Dodging        | |  1.9
Unarmed Combat | |  0.1
Spellcasting   | |  2.6
Transmutations | |  1.6
Poison Magic   | |  3.7

Action                   || total
-------------------------++-------
Melee: Unarmed           ||    13
       Tailslap          ||     3
 Cast: Sting             ||    36
  Use: Potion            ||     3
Armor: Skin              ||     4
Dodge: Dodged            ||    11
